 Dungeon Crawl Stone Soup version 0.31-a0-516-gfcb59812bd (webtiles) character file.

Game seed: 11254418695501851177

1 GordonOverkill the Sneak (level 1, -1/11 HPs)
             Began as a Vine Stalker Delver on Aug 10, 2023.
             Slain by a howler monkey (2 damage)
             ... on level 4 of the Dungeon.
             The game lasted 00:00:44 (68 turns).

GordonOverkill the Sneak (Vine Stalker Delver)        Turns: 68, Time: 00:00:44

Health: -1/11      AC:  3    Str: 14    XL:     1   Next: 20%
Magic:  0/2        EV: 11    Int: 10    God:
Gold:   0          SH:  0    Dex: 15    Spells: 0/0 levels left

rFire   . .          .
                       - Unarmed
rCold   . . .        (no shield)
rNeg    . . .        a - +0 leather armour
rPois   .            (no helmet)
rElec   .            (no cloak)
rCorr   .            (no gloves)
SInv    .            (no boots)
Will    .....        (no amulet)
Stlth   +++          (no ring)
HPRegen 0.21/turn    (no ring)
MPRegen 0.08/turn

%: guardian spirit
@: mighty, attractive, hasted, very quick
A: fangs 2, magic shield, antimagic bite, no potion heal 2
a: no special abilities


You were on level 4 of the Dungeon.
You visited 1 branch of the dungeon, and saw 3 of its levels.

Inventory:

Armour
 a - a +0 leather armour (worn)
Wands
 f - a wand of digging (3)
Scrolls
 b - a scroll of fog
 c - a scroll of revelation
 d - a scroll of fear
 g - a scroll of vulnerability {unknown}


   Skills:
 - Level 2.6 Fighting
 - Level 1.5 Dodging
 - Level 6.0 Stealth
 + Level 2.1 Unarmed Combat


You couldn't memorise any spells.
You didn't know any spells.
Your spell library was empty.

Dungeon Overview and Level Annotations

Branches:
Dungeon (6/15)
 Temple: D:4-7

Altars:
Uskayaw


Innate Abilities, Weirdness & Mutations

You have extremely sharp teeth.
When hurt, damage is shared between your health and your magic reserves.
Your bite disrupts and absorbs the magic of your enemies.
Potions cannot restore your health.


Message History

h - a ruby potion
Found a stone staircase leading up.
Found a green potion.
i - a green potion A quokka comes into view.
A quokka is nearby!
There is a stone staircase leading up here.
There is a stone staircase leading down here.
You climb downwards.
Found an escape hatch in the floor.
Found a stone staircase leading up.
There is a stone staircase leading up here.
You climb upwards.
There is a stone staircase leading down here.
There is a stone staircase leading up here.
You climb upwards.
Found a scroll labelled GAKUGU EMMIT.
Found a stone staircase leading up.
There is a stone staircase leading down here.
The howler monkey howls!
The endoplasm quivers.
The endoplasm attacks as you move away! The endoplasm hits you.
You hit the endoplasm.
You bite the endoplasm, but do no damage.
The endoplasm is lightly wounded.
The endoplasm closely misses you.
You hit the endoplasm.
The endoplasm is almost dead.
An adder comes into view.
You hit the endoplasm.
You kill the endoplasm!
You feel yourself speed up. The howler monkey hits you!
Ouch! That really hurt!
* * * LOW HITPOINT WARNING * * *
It was a potion of might.
You feel very mighty all of a sudden. The howler monkey hits you.
* * * LOW HITPOINT WARNING * * *
It was a potion of attraction.
You feel attractive to monsters. The howler monkey hits you.
You die...

..........<.....
........#.....♣
..#.....#.....♣
...?....>.....♣
♣.♣..........♣
♣###.S.....♣
♣.##.........
♣..hK.....##.
♣.@#..##.##
♣..#..# .#
....##....#
....### #...
.....# .#...
##... .##.# ##.
## #.


You could see a howler monkey, an adder and a kobold.

Vanquished Creatures
  An endoplasm (D:4)
1 creature vanquished.

Notes
Turn   | Place    | Note
-------+----------+-------------------------------------------
     0 | D:5      | GordonOverkill the Vine Stalker Delver began the quest for
                  | the Orb.
     0 | D:5      | Reached XP level 1. HP: 11/11 MP: 2/2
     5 | D:5      | Found a hide-covered altar of Uskayaw.
     5 | D:5      | Noticed a +0 hand axe
     5 | D:5      | Noticed a +0 hand axe
     9 | D:5      | Noticed an iguana
    50 | D:6      | Noticed an orc priest
    50 | D:6      | Noticed an orc wizard
    57 | D:4      | Noticed a howler monkey
    68 | D:4      | Slain by a howler monkey

Illustrated notes

Levels and vault maps discovered:
D:4:      layout_cave_pools, serial_forest, infiniplex_forest_lined_4_way,
          infiniplex_forest_side_room, infiniplex_forest_lined_room_2,
          infiniplex_forest_straight_4, infiniplex_forest_straight_2,
          infiniplex_forest_lined_2, infiniplex_forest_straight_2,
          infiniplex_forest_straight_4, uniq_duvessa, uniq_grinder, uniq_robin,
          uniq_blork_the_orc
D:5:      wander_river, layout_basic, dancing_weapons_uskayaw,
          nemelex_spade_bored_becter, lemuel_tele_altar,
          nicolae_overflow_squiral
D:6:      layout_rooms, nicolae_gozag_seed_capital, kennysheep_cluttered_room,
          minmay_microvault

Action                     || total
---------------------------++-------
  Melee: Unarmed           ||     3
         Bite              ||     1
    Use: Potion            ||     3
  Dodge: Dodged            ||     1

Table legend: (Time is in decaauts)
 A = Elapsed time spent in this place.
 B = Non-inter-level travel time spent in this place.
 C = Inter-level travel time spent in this place.
 D = Time resting spent in this place.
 E = Time spent auto-exploring this place.
 F = Levels seen in this place.
 G = Mean time per level.
                   A        B        C        D        E       F      G
               +--------+--------+--------+--------+--------+-----+--------+
         Total |     67 |     67 |      0 |      0 |      0 |   3 |   22.3 |
       Dungeon |     67 |     67 |      0 |      0 |      0 |   3 |   22.3 |
               +--------+--------+--------+--------+--------+-----+--------+

Top non-repeatable levels by time:
     D:5: 55 daAuts
     D:4: 10 daAuts
     D:6: 1 daAuts
